 Dungeon Crawl Stone Soup version 0.25-a0-578-gc91f01c39c (webtiles) character file.

Game seed: 2592046618020023733, levelgen mode: deterministic

124 Emblim88 the Shield-Bearer (level 5, 0/47 HPs)
             Began as a Gnoll Fighter on Mar 3, 2020.
             Was an Initiate of Okawaru.
             Slain by an ogre
             ... wielding a +0 giant club
              (9 damage)
             ... on level 3 of the Dungeon.
             The game lasted 00:03:59 (2454 turns).

Emblim88 the Shield-Bearer (Gnoll Fighter)          Turns: 2454, Time: 00:04:00

Health: 0/47       AC: 15    Str: 19    XL:     5   Next: 8%
Magic:  6/6        EV:  6    Int: 11    God:    Okawaru [......]
Gold:   157        SH: 10    Dex: 14    Spells: 6/6 levels left

rFire    + . .     SeeInvis .   a - +0 long sword
rCold    x . .     Gourm    .   c - +0 kite shield
rNeg     . . .     Faith    .   o - +0 chain mail
rPois    .         Spirit   .   (no helmet)
rElec    .         Reflect  .   n - +0 cloak
rCorr    .         Harm     .   (no gloves)
MR       .....                  s - +2 pair of boots
Stlth    ..........             (no amulet)
HPRegen  0.15/turn              k - ring of fire
MPRegen  0.10/turn              (no ring)

@: mighty
A: distributed training, fangs 1, strong nose
a: Renounce Religion


You were on level 3 of the Dungeon.
You worshipped Okawaru.
Okawaru was noncommittal.
You were not hungry.

You visited 1 branch of the dungeon, and saw 4 of its levels.

You collected 157 gold pieces.

Inventory:

Hand Weapons
 a - a +0 long sword (weapon)
Missiles
 x - 5 poisoned darts (quivered)
Armour
 c - a +0 kite shield (worn)
 n - a +0 cloak (worn)
 o - a +0 chain mail (worn)
 s - a +2 pair of boots (worn)
Jewellery
 k - a ring of fire (left hand)
 t - an uncursed ring of stealth {unknown}
Wands
 p - a wand of polymorph (7)
 u - a wand of flame (17)
Scrolls
 b - a scroll of fog {unknown}
 h - 4 scrolls of magic mapping {unknown}
 i - a scroll of amnesia {unknown}
 m - 4 scrolls of identify {unknown}
 q - a scroll of teleportation {unknown}
 r - a scroll of remove curse {unknown}
Potions
 d - 3 potions of might
 e - 2 potions of mutation {unknown}
 g - 3 potions of heal wounds {unknown}
 j - a potion of brilliance {unknown}
 l - a potion of degeneration {unknown}
 v - a potion of curing {unknown}
 w - a potion of ambrosia {unknown}
 z - a potion of stabbing {unknown}
Comestibles
 f - 5 rations


   Skills:
 + Level 6.6 Fighting
 + Level 1.3 Short Blades
 + Level 4.7 Long Blades
 + Level 1.3 Axes
 + Level 1.3 Maces & Flails
 + Level 1.3 Polearms
 + Level 1.3 Staves
 + Level 1.3 Slings
 + Level 1.3 Bows
 + Level 1.3 Crossbows
 + Level 1.3 Throwing
 + Level 6.6 Armour
 + Level 1.3 Dodging
 + Level 1.3 Stealth
 + Level 6.6 Shields
 + Level 1.3 Unarmed Combat
 + Level 1.3 Spellcasting
 + Level 1.0 Conjurations
 + Level 1.0 Hexes
 + Level 1.0 Charms
 + Level 1.0 Summonings
 + Level 1.0 Necromancy
 + Level 1.0 Translocations
 + Level 1.0 Transmutations
 + Level 1.0 Fire Magic
 + Level 1.0 Ice Magic
 + Level 1.0 Air Magic
 + Level 1.0 Earth Magic
 + Level 1.0 Poison Magic
 + Level 1.4 Invocations
 + Level 1.3 Evocations


You had 6 spell levels left.
You didn't know any spells.
Your spell library contained the following spells:

 Spells                   Type           Power        Failure   Level  Hunger
 Magic Dart               Conj           #...         99%         1    ##.....
 Blink                    Tloc           N/A          100%        2    ###....
 Call Imp                 Summ           #.......     100%        2    ###....
 Slow                     Hex            #.......     100%        2    ###....
 Conjure Flame            Conj/Fire      #.......     100%        3    ####...
 Mephitic Cloud           Conj/Pois/Air  #.......     100%        3    ####...


Dungeon Overview and Level Annotations

Branches:
Dungeon (4/15)
 Temple: D:4-7

Altars:
Ashenzari
Dithmenos
Nemelex Xobeh
Okawaru
Qazlal
Sif Muna
Trog
The Shining One


Innate Abilities, Weirdness & Mutations

Your experience applies equally to all skills.
You have very sharp teeth.
Your uncanny sense of smell can sniff out nearby items.


Message History

The orc hits you but does no damage. The ogre hits you with a +0 giant club!
The orc barely misses you.
You slash the orc!
You kill the orc!
Okawaru accepts your kill. The ogre barely misses you.
You see here a +0 hand axe.
You feel very mighty all of a sudden.
Throwing (i - inventory)
x - 5 poisoned darts (quivered)
Press: ? - help, Shift-Dir - straight line, f - ogre
Aim: an ogre, wielding a +0 giant club (heavily wounded)
Okay, then.
Your shield and chain mail prevent you from hitting the ogre.
The ogre is heavily wounded.
The ogre hits you with a +0 giant club!
* * * LOW HITPOINT WARNING * * *
You completely miss the ogre.
The ogre is heavily wounded.
The ogre hits you with a +0 giant club!
You die...

.#######.# #.# #>..#####... .#
#.# #.# #...#....... .# #.# #.#
#...#.###### .# #.# #.# #.#.#.#
.#######.#########.# #...#.#
...................# #.....######
######.#.########### #..#.......)
#.#.#############....#####.#
######.......>)O@...............#
.........#############.#.########
########.....)......##.#.#
#...##########.##.#.#
#...#####...........##
#.........####.##....#
#.#.####### #.##.##.####### #.#.#
#.##.##...<.... #.#.#
#.##.#######...


You could see an ogre.

Vanquished Creatures
  3 gnolls (D:3)
  An adder (D:2)
  2 worms (D:2)
  4 dart slugs
  3 leopard geckos
  3 orcs (D:3)
  5 ball pythons
  11 bats
  4 giant cockroaches
  5 goblins
  6 hobgoblins
  3 jackals (D:1)
  6 kobolds
  3 frilled lizards
  5 rats
64 creatures vanquished.

Notes
Turn   | Place    | Note
-------+----------+-------------------------------------------
     0 | D:1      | Emblim88 the Gnoll Fighter began the quest for the Orb.
     0 | D:1      | Reached XP level 1. HP: 23/23 MP: 1/1
    79 | D:1      | Reached XP level 2. HP: 29/29 MP: 2/2
   409 | D:1      | Reached XP level 3. HP: 35/35 MP: 3/3
  1029 | D:2      | Found a glowing golden altar of the Shining One.
  1031 | D:2      | Found a stormy altar of Qazlal.
  1031 | D:2      | Found a shimmering blue altar of Sif Muna.
  1032 | D:2      | Reached skill level 1 in Invocations
  1040 | D:2      | Found a bloodstained altar of Trog.
  1279 | D:2      | Reached skill level 1 in Short Blades
  1279 | D:2      | Reached skill level 1 in Axes
  1279 | D:2      | Reached skill level 1 in Maces & Flails
  1279 | D:2      | Reached skill level 1 in Polearms
  1279 | D:2      | Reached skill level 1 in Staves
  1279 | D:2      | Reached skill level 1 in Slings
  1279 | D:2      | Reached skill level 1 in Bows
  1279 | D:2      | Reached skill level 1 in Crossbows
  1279 | D:2      | Reached skill level 1 in Throwing
  1279 | D:2      | Reached skill level 1 in Dodging
  1279 | D:2      | Reached skill level 1 in Stealth
  1279 | D:2      | Reached skill level 1 in Unarmed Combat
  1279 | D:2      | Reached skill level 1 in Spellcasting
  1279 | D:2      | Reached skill level 1 in Evocations
  1362 | D:2      | Reached XP level 4. HP: 41/41 MP: 5/5
  1512 | D:2      | Found a shattered altar of Ashenzari.
  1829 | D:3      | Found an iron altar of Okawaru.
  1852 | D:3      | Became a worshipper of Warmaster Okawaru
  1855 | D:3      | Found a shadowy altar of Dithmenos.
  2139 | D:3      | Reached skill level 1 in Conjurations
  2139 | D:3      | Reached skill level 1 in Hexes
  2139 | D:3      | Reached skill level 1 in Charms
  2139 | D:3      | Reached skill level 1 in Summonings
  2139 | D:3      | Reached skill level 1 in Necromancy
  2139 | D:3      | Reached skill level 1 in Translocations
  2139 | D:3      | Reached skill level 1 in Transmutations
  2139 | D:3      | Reached skill level 1 in Fire Magic
  2139 | D:3      | Reached skill level 1 in Ice Magic
  2139 | D:3      | Reached skill level 1 in Air Magic
  2139 | D:3      | Reached skill level 1 in Earth Magic
  2139 | D:3      | Reached skill level 1 in Poison Magic
  2149 | D:3      | Reached XP level 5. HP: 47/47 MP: 6/6
  2279 | D:3      | Found a sparkling altar of Nemelex Xobeh.
  2435 | D:4      | Noticed an ogre
  2454 | D:3      | Slain by an ogre

Levels and vault maps discovered:
D:1:      nzn_arrival_settlement, layout_loops_ring
D:2:      layout_loops_corners, bloody_trog, nicolae_overflow_hidden_temple,
          grunt_temple_overflow_open
D:3:      layout_loops_ring, nemelex_xobeh_ov_fountains_minmay,
          overflow_temple_1_default, lemuel_crystal_altar,
          kennysheep_generic_room_11
D:4:      layout_cave_pools

Skill      XL: |  1  2  3  4 |
---------------+-------------+-----
Invocations    | 1 |  1.4
Short Blades   | 1 |  1.3
Axes           | 1 |  1.3
Maces & Flails | 1 |  1.3
Polearms       | 1 |  1.3
Staves         | 1 |  1.3
Slings         | 1 |  1.3
Bows           | 1 |  1.3
Crossbows      | 1 |  1.3
Throwing       | 1 |  1.3
Dodging        | 1 |  1.3
Stealth        | 1 |  1.3
Unarmed Combat | 1 |  1.3
Spellcasting   | 1 |  1.3
Evocations     | 1 |  1.3
Conjurations   | 1 |  1.0
Hexes          | 1 |  1.0
Charms         | 1 |  1.0
Summonings     | 1 |  1.0
Necromancy     | 1 |  1.0
Translocations | 1 |  1.0
Transmutations | 1 |  1.0
Fire Magic     | 1 |  1.0
Ice Magic      | 1 |  1.0
Air Magic      | 1 |  1.0
Earth Magic    | 1 |  1.0
Poison Magic   | 1 |  1.0
Fighting       | |  6.6
Long Blades    | |  4.7
Armour         | |  6.6
Shields        | |  6.6

Action                   |  1- 3 |  4- 6 || total
-------------------------+-------+-------++-------
Melee: Long sword        |    93 |    70 ||   163
       Bite              |     6 |     6 ||    12
  Use: Potion            |       |     1 ||     1
  Eat: Chunk             |     2 |     3 ||     5
Armor: Scale mail        |    23 |       ||    23
       Chain mail        |    15 |    28 ||    43
Dodge: Dodged            |    24 |    17 ||    41
Block: Kite shield       |    58 |    44 ||   102
       Rpst.: Long sword |     6 |    10 ||    16

Table legend:
 A = Non-vault XP
 B = Vault XP
 C = Vault XP percentage of total XP
 D = Non-vault monster count
 E = Vault monster count
 F = Vault count percentage of total count
                 A         B        C        D         E       F
            +---------+---------+-------+---------+---------+-------
      Total |     177 |       1 |   0.6 |      63 |       1 |   1.6
            +---------+---------+-------+---------+---------+-------
        D:1 |      49 |       0 |   0.0 |      24 |       0 |   0.0
        D:2 |      45 |       0 |   0.0 |      17 |       0 |   0.0
        D:3 |      83 |       1 |   1.2 |      22 |       1 |   4.3
            +---------+---------+-------+---------+---------+-------
